Map: King Sejong Station LE

Players

Fropez

  • Race: Protoss Protoss
  • League: Gold
  • Spawn Location: 11:00

WankingMelon - Winner!

  • Race: Zerg Zerg
  • Spawn Location: 5:00

VOD

Have the link to the VOD?

Description

Time

  • Played on: Nov. 16, 2016, 7:03 p.m.
  • Length: 15:04
Show
View Real Time Build Order
Export as new Build Order

Fropez Protoss 

Build Orders:  

Get SALT Encoding   

  12  0:01  Probe (Chrono Boost)  
  13  0:11  Probe (Chrono Boost)  
  14  0:17  Pylon  
  14  0:22  Probe (Chrono Boost)  
  15  0:30  Assimilator  
  16  0:35  Probe (Chrono Boost)  
  16  0:44  Gateway  
  16  0:47  Probe (Chrono Boost)  
  17  0:58  Probe (Chrono Boost)  
  17  1:02  Gateway  
  18  1:09  Probe (Chrono Boost)  
  19  1:11  Assimilator  
  19  1:19  Probe (Chrono Boost)  
  19  1:23  Pylon  
  20  1:28  Pylon  
  20  1:38  Probe (Chrono Boost)  
  21  1:44  Cybernetics Core  
  21  1:49  Probe (Chrono Boost)  
  22  2:02  Pylon  
  22  2:04  Pylon, Probe (Chrono Boost)  
  23  2:18  Pylon  
  23  2:26  Pylon  
  23  2:29  Mothership Core (Chrono Boost)  
  25  2:31  Adept  
  27  2:37  Adept  
  27  2:43  Warp Gate  
  29  2:50  Probe (Chrono Boost)  
  30  2:58  Adept  
  30  3:04  Adept  
  33  3:16  Gateway  
  33  3:20  Gateway  
  33  3:27  Gateway  
  33  3:44  Probe (Chrono Boost)  
  34  4:16  Probe (Chrono Boost)  
  31  4:26  Probe (Chrono Boost)  
  31  4:29  Nexus  
  32  4:35  Forge  
  31  4:39  Twilight Council  
  27  5:00  Protoss Ground Weapons Level 1 (Chrono Boost)  
  27  5:16  Pylon  
  27  5:17  Resonating Glaives (Chrono Boost)  
  27  5:20  Stalker  
  27  5:21  Stalker  
  31  5:24  Gateway  
  31  5:25  Gateway  
  31  5:34  Stalker  
  30  5:46  Probe  
  31  5:55  Probe  
  32  6:03  Probe  
  32  6:04  Assimilator  
  33  6:07  Assimilator  
  33  6:16  Probe, Templar Archives  
  33  6:18  Probe  
  35  6:35  Stalker  
  37  6:43  Gateway  
  37  6:45  Probe x2  
  39  6:57  Probe  
  39  6:59  Pylon  
  40  7:03  Probe  
  41  7:15  Probe  
  41  7:16  Probe  
  41  7:20  Psionic Storm  
  43  7:26  High Templar  
  43  7:27  High Templar  
  38  7:46  Probe x2  
  41  7:58  Probe x2  
  42  8:10  Probe x2  
  44  8:13  High Templar x5  
  44  8:15  Archon  
  44  8:17  Archon x2  
  44  8:19  Protoss Shields Level 1  
  54  8:28  High Templar  
  54  8:32  Probe  
  54  8:33  Probe, Archon  
  58  8:39  Stalker  
  60  8:43  Pylon  
  60  8:49  High Templar  
  60  8:52  High Templar  
  64  8:56  Archon  
  64  9:04  Zealot x2  
  64  9:05  Probe  
  64  9:07  Probe  
  69  9:19  Probe  
  69  9:23  High Templar  
  72  9:24  High Templar  
  72  9:27  Zealot x2  
  72  9:28  Archon  
  78  9:42  Probe x2  
  80  9:46  Stalker  
  80  9:50  Stalker  
  84  9:57  Pylon  
  84  9:58  Probe x2  
  86  10:14  Pylon  
  86  10:15  Probe x2  
  82  10:53  High Templar x2  
  82  10:54  High Templar x4  
  94  10:57  Archon  
  94  10:58  Archon x2  
  94  11:04  Probe  
  94  11:05  Probe  
  96  11:12  Zealot x2  
  96  11:16  Nexus  
  100  11:18  Assimilator  
  100  11:23  Assimilator  
  100  11:24  Pylon  
  96  11:54  High Templar x4  
  96  11:58  Archon x2  
  82  12:13  Probe x2, Charge (Chrono Boost)  
  84  12:18  Stalker x2  
  84  12:25  Probe  
  85  12:31  Zealot x3  
  85  12:32  Zealot x3  
  97  12:39  Gateway  
  97  12:41  Gateway  
  89  12:46  Pylon  
  89  12:48  Pylon, Probe  
  89  12:49  Probe x2  
  92  13:10  Probe, Zealot x2  
  92  13:11  Probe x2  
  99  13:17  High Templar x3  
  99  13:18  High Templar x2  
  109  13:21  Archon  
  109  13:22  Archon  
  109  13:26  Probe x2  
  109  13:27  Probe  
  112  13:43  Photon Cannon  
  112  13:48  Photon Cannon  
  112  14:07  Photon Cannon  
  107  14:11  Gateway  
  107  14:13  Gateway  
  93  14:17  Zealot x4  
  93  14:18  Photon Cannon, Zealot x4  
  106  14:41  Pylon  
Show
View Real Time Build Order
Export as new Build Order

WankingMelon Zerg - Winner!

Build Orders: Hatch First 

Get SALT Encoding   

  12  0:01  Drone  
  13  0:09  Drone  
  14  0:17  Overlord  
  14  0:25  Extractor, Drone  
  15  0:36  Drone x2  
  17  0:45  Drone  
  18  0:54  Drone  
  19  1:02  Hatchery  
  18  1:08  Drone  
  19  1:19  Extractor, Spawning Pool  
  19  1:20  Drone  
  18  1:46  Drone x2  
  20  1:51  Overlord  
  20  2:05  Overlord  
  20  2:06  Queen  
  22  2:11  Zergling x2  
  22  2:13  Queen  
  25  2:19  Zergling x2  
  26  2:31  Zergling x4  
  28  2:40  Zergling x2  
  28  2:41  Drone  
  31  3:12  Drone  
  31  3:13  Drone x2  
  31  3:15  Queen  
  31  3:18  Metabolic Boost  
  31  3:19  Queen  
  35  3:27  Overlord  
  37  3:28  Drone x5  
  42  3:35  Drone  
  42  3:36  Drone  
  42  3:37  Overlord  
  44  3:46  Roach Warren  
  43  3:49  Drone x2  
  43  3:50  Drone  
  42  4:26  Drone  
  42  4:27  Drone x10  
  53  4:40  Drone  
  54  4:53  Zergling x2  
  54  4:54  Zergling x8  
  58  5:03  Zergling x2  
  59  5:07  Overlord x2  
  59  5:13  Extractor  
  58  5:15  Extractor, Hatchery  
  52  5:45  Drone  
  52  5:48  Extractor  
  52  5:49  Extractor  
  51  5:52  Evolution Chamber x2, Pneumatized Carapace  
  51  5:54  Baneling Nest  
  50  6:06  Lair  
  48  6:13  Zergling x2  
  48  6:14  Zergling x8  
  48  6:15  Overlord x2  
  53  6:19  Zerg Melee Weapons Level 1  
  53  6:20  Zerg Ground Armor Level 1  
  53  6:33  Drone x9  
  62  6:44  Baneling  
  62  6:45  Baneling x2  
  62  6:46  Baneling  
  62  7:00  Baneling x4  
  62  7:07  Drone  
  62  7:08  Overlord, Drone x10  
  72  7:14  Infestation Pit  
  72  7:18  Drone x4  
  70  7:46  Roach x5  
  70  7:47  Overlord x3, Roach x2  
  70  7:50  Queen  
  86  7:59  Drone  
  86  8:00  Drone x6  
  93  8:10  Hatchery  
  93  8:11  Hive  
  93  8:12  Overlord x2  
  92  8:30  Drone x6  
  92  8:31  Overlord x3, Drone  
  99  8:41  Extractor  
  99  8:42  Zerg Melee Weapons Level 2  
  99  8:43  Zerg Ground Armor Level 2  
  99  8:45  Centrifical Hooks  
  99  8:47  Zergling x2  
  99  9:01  Hatchery  
  98  9:24  Zergling x2  
  98  9:25  Zergling x20  
  109  9:38  Hatchery  
  108  9:54  Ultralisk Cavern  
  108  9:57  Baneling x4  
  108  9:58  Baneling x12  
  107  10:15  Roach x11  
  107  10:16  Roach x13  
  107  10:20  Ravager  
  107  10:21  Ravager x6  
  162  10:35  Overlord x4  
  157  10:47  Overlord  
  157  10:49  Chitinous Plating  
  153  10:58  Drone  
  153  10:59  Drone x15  
  169  11:17  Zergling x2  
  169  11:18  Zergling x14  
  158  12:22  Ultralisk x3  
  176  12:23  Ultralisk x3  
  176  12:25  Zergling x2  
  176  12:26  Overlord x3  
  189  12:30  Extractor, Overlord x2  
  189  12:31  Extractor  
  187  12:41  Adrenal Glands  
  178  13:07  Hatchery  
  178  13:09  Extractor  
  176  13:13  Hatchery  
  175  13:21  Extractor  
  174  13:30  Zergling x20  
  174  13:31  Zergling x30  
Tags
 
League
Gold
Matchup
PvZ
Replay Pack
All Mines
Spawn Locations
Cross Positions
Add a new tag
Caveats
  • Supply blocks, unpowered buildings, or Contaminate may cause inaccurate times.
  • Supply counts are checked every 10 seconds.